2039 views
Uploaded 2022-04-16 23:53:43
Game version 1.32.0.6
39:53 long 3on3 ladder game on (8)Mur'gulOasis_LV
Saved by Cabeelibob
2039 views
Uploaded 2022-04-16 23:53:43
Game version 1.32.0.6
39:53 long 3on3 ladder game on (8)Mur'gulOasis_LV


77 units @ 7.6k
/ 1.3k
104 buildings @ 10.4k
/ 4.3k


| Peasant | 23 | 1725 | / | 0 |
| Mortar Team | 7 | 1260 | / | 490 |
| Flying Machine | 23 | 2300 | / | 690 |
| Dragonhawk Rider | 4 | 800 | / | 120 |
| total: | 57 | 6085g | / | 1300w |
| Scout Tower | 13 | 390 | / | 260 |
| Arcane Tower | 1 | 70 | / | 50 |
| Guard Tower | 5 | 350 | / | 250 |
| Altar of Kings | 2 | 360 | / | 100 |
| Farm | 21 | 1680 | / | 420 |
| Lumber Mill | 1 | 120 | / | 0 |
| Town Hall | 2 | 770 | / | 410 |
| Blacksmith | 1 | 140 | / | 60 |
| Arcane Vault | 1 | 130 | / | 30 |
| Workshop | 4 | 560 | / | 560 |
| Arcane Sanctum | 1 | 150 | / | 140 |
| Gryphon Aviary | 1 | 140 | / | 150 |
| Keep | 1 | 320 | / | 210 |
| Castle | 1 | 360 | / | 210 |
| total: | 47 | 4440g | / | 2130w |
| 0:02 | Peasant |
| 0:07 | Altar of Kings |
| 0:08 | Peasant |
| 0:17 | Peasant |
| 0:19 | Farm |
| 0:20 | Peasant |
| 0:38 | Peasant |
| 0:50 | Farm |
| 0:53 | Peasant |
| 1:32 | Peasant |
| 1:35 | Scout Tower |
| 1:37 | Lumber Mill |
| 1:38 | Peasant |
| 1:40 | Peasant |
| 1:56 | Peasant |
| 2:03 | Farm |
| 2:04 | Farm |
| 2:11 | Storm Bolt |
| 2:16 | Arcane Tower |
| 2:26 | Peasant |
| 2:48 | Peasant |
| 2:50 | Improved Masonry |
| 3:18 | Peasant |
| 3:28 | Scout Tower |
| 4:09 | Peasant |
| 4:09 | Peasant |
| 4:12 | Farm |
| 4:25 | Scout Tower |
| 4:38 | Peasant |
| 4:48 | Scout Tower |
| 4:49 | Scout Tower |
| 4:55 | Guard Tower |
| 5:06 | Guard Tower |
| 5:13 | Peasant |
| 5:14 | Peasant |
| 5:53 | Scout Tower |
| 6:01 | Town Hall |
| 6:05 | Town Hall |
| 6:18 | Peasant |
| 7:37 | Peasant |
| 7:43 | Keep |
| 7:46 | Blacksmith |
| 7:49 | Farm |
| 7:50 | Farm |
| 7:56 | Peasant |
| 7:56 | Peasant |
| 7:57 | Peasant |
| 8:41 | Scout Tower |
| 8:42 | Scout Tower |
| 8:44 | Guard Tower |
| 8:50 | Scout Tower |
| 8:57 | Black Gunpowder |
| 8:58 | Iron Plating |
| 9:15 | Altar of Kings |
| 9:26 | Bash |
| 9:38 | Guard Tower |
| 9:42 | Scout Tower |
| 9:43 | Scout Tower |
| 9:44 | Scout Tower |
| 10:10 | Castle |
| 10:23 | Workshop |
| 10:24 | Workshop |
| 10:26 | Workshop |
| 10:28 | Workshop |
| 11:15 | Guard Tower |
| 11:22 | Improved Lumber Harvesting |
| 11:23 | Advanced Masonry |
| 11:39 | Holy Light |
| 11:50 | Flak Cannons |
| 11:51 | Flare |
| 12:12 | Refined Gunpowder |
| 12:13 | Steel Plating |
| 12:25 | Mortar Team |
| 12:32 | Flying Machine Bombs |
| 12:33 | Fragmentation Shards |
| 13:32 | Arcane Sanctum |
| 13:46 | Imbued Gunpowder |
| 13:49 | Advanced Lumber Harvesting |
| 13:49 | Imbued Masonry |
| 14:11 | Farm |
| 14:12 | Farm |
| 14:14 | Farm |
| 14:21 | Flying Machine |
| 14:21 | Flying Machine |
| 14:21 | Flying Machine |
| 14:22 | Flying Machine |
| 14:22 | Flying Machine |
| 14:22 | Flying Machine |
| 14:22 | Flying Machine |
| 15:01 | Flying Machine |
| 15:07 | Studded Leather Armor |
| 15:43 | Flying Machine |
| 15:43 | Flying Machine |
| 15:43 | Flying Machine |
| 15:47 | Magic Sentry |
| 16:19 | Flying Machine |
| 16:19 | Flying Machine |
| 16:36 | Flying Machine |
| 16:36 | Flying Machine |
| 16:36 | Flying Machine |
| 16:37 | Flying Machine |
| 16:37 | Flying Machine |
| 17:05 | Farm |
| 17:06 | Farm |
| 17:06 | Farm |
| 17:25 | Gryphon Aviary |
| 17:27 | Mithril Plating |
| 17:27 | Reinforced Leather Armor |
| 17:32 | Farm |
| 17:33 | Farm |
| 18:14 | Mortar Team |
| 18:19 | Arcane Vault |
| 19:33 | Divine Shield |
| 19:39 | Divine Shield |
| 19:50 | Cloud |
| 19:51 | Dragonhawk Rider |
| 19:51 | Dragonhawk Rider |
| 20:30 | Farm |
| 20:30 | Farm |
| 20:30 | Farm |
| 21:33 | Flying Machine |
| 21:33 | Flying Machine |
| 21:33 | Flying Machine |
| 21:34 | Flying Machine |
| 22:23 | Mortar Team |
| 22:42 | Mortar Team |
| 22:43 | Mortar Team |
| 23:01 | Farm |
| 23:03 | Farm |
| 23:03 | Farm |
| 23:27 | Flying Machine |
| 24:22 | Holy Light |
| 26:56 | Storm Bolt |
| 27:34 | Mortar Team |
| 28:50 | Dragonhawk Rider |
| 28:51 | Dragonhawk Rider |
| 29:00 | Scout Tower |
| 29:37 | Storm Bolt |
| 31:28 | Mortar Team |
| 33:05 | Bash |
| 33:07 | Bash |
| 33:08 | Holy Light |
| 33:10 | Divine Shield |
| 33:12 | Divine Shield |
| 35:17 | Dragonhide Armor |
| 35:51 | Storm Bolt |
| Right click | 973 |
| Select group | 505 |
| Select | 463 |
| Build/train/purchase | 123 |
| Misc. action | 96 |
| Use ability | 78 |
| Chat | 58 |
| Esc | 19 |
| Assign group | 11 |
| Minimap ping | 11 |
Jgraham2
(30)
(39:44) : 

| Peasant | 9 | 675 | / | 0 |
| total: | 9 | 675g | / | 0w |
| Scout Tower | 26 | 780 | / | 520 |
| Arcane Tower | 2 | 140 | / | 100 |
| Guard Tower | 8 | 560 | / | 400 |
| Altar of Kings | 2 | 360 | / | 100 |
| Farm | 7 | 560 | / | 140 |
| Lumber Mill | 2 | 240 | / | 0 |
| Keep | 1 | 320 | / | 210 |
| total: | 37 | 1940g | / | 760w |
| 0:08 | Altar of Kings |
| 0:12 | Peasant |
| 0:12 | Peasant |
| 0:13 | Peasant |
| 0:13 | Peasant |
| 0:28 | Farm |
| 0:53 | Peasant |
| 1:06 | Farm |
| 1:12 | Farm |
| 1:19 | Peasant |
| 1:35 | Peasant |
| 1:50 | Lumber Mill |
| 1:55 | Scout Tower |
| 2:10 | Scout Tower |
| 2:23 | Storm Bolt |
| 2:44 | Arcane Tower |
| 2:46 | Arcane Tower |
| 2:59 | Improved Masonry |
| 3:35 | Peasant |
| 3:35 | Peasant |
| 4:08 | Scout Tower |
| 4:11 | Scout Tower |
| 4:24 | Scout Tower |
| 4:26 | Scout Tower |
| 4:34 | Keep |
| 4:46 | Scout Tower |
| 4:57 | Guard Tower |
| 5:00 | Scout Tower |
| 5:02 | Scout Tower |
| 5:21 | Guard Tower |
| 5:25 | Scout Tower |
| 5:40 | Guard Tower |
| 5:44 | Scout Tower |
| 5:58 | Guard Tower |
| 6:03 | Scout Tower |
| 6:06 | Scout Tower |
| 6:20 | Scout Tower |
| 6:23 | Guard Tower |
| 6:43 | Scout Tower |
| 6:48 | Scout Tower |
| 6:53 | Scout Tower |
| 7:00 | Improved Lumber Harvesting |
| 7:30 | Scout Tower |
| 8:39 | Altar of Kings |
| 9:09 | Holy Light |
| 9:37 | Guard Tower |
| 9:46 | Lumber Mill |
| 10:00 | Advanced Masonry |
| 10:18 | Farm |
| 10:22 | Farm |
| 10:43 | Farm |
| 11:51 | Farm |
| 12:26 | Scout Tower |
| 12:31 | Scout Tower |
| 12:32 | Scout Tower |
| 12:33 | Scout Tower |
| 13:22 | Bash |
| 14:01 | Scout Tower |
| 14:02 | Scout Tower |
| 14:03 | Scout Tower |
| 14:04 | Scout Tower |
| 14:49 | Guard Tower |
| 16:15 | Guard Tower |
| Right click | 1094 |
| Select group | 881 |
| Select | 211 |
| Build/train/purchase | 31 |
| Resource trade | 24 |
| Use ability | 22 |
| Assign group | 13 |
| Minimap ping | 7 |
| Misc. action | 5 |
| Chat | 5 |
Cabeelibob
(194)
(40:04) : 
| Healing Salve | 1 | 100 |
| Staff of Teleportation | 1 | 150 |
| Boots of Speed | 1 | 250 |
| total: | 3 | 500g |
| Peon | 11 | 825 | / | 0 |
| total: | 11 | 825g | / | 0w |
| Watch Tower | 3 | 330 | / | 240 |
| Altar of Storms | 2 | 360 | / | 100 |
| Orc Burrow | 6 | 960 | / | 240 |
| Voodoo Lounge | 3 | 390 | / | 90 |
| War Mill | 2 | 410 | / | 0 |
| Great Hall | 4 | 1540 | / | 740 |
| Stronghold | 1 | 315 | / | 190 |
| Fortress | 1 | 325 | / | 190 |
| total: | 20 | 3990g | / | 1410w |
| 0:03 | Altar of Storms |
| 0:04 | Peon |
| 0:05 | Peon |
| 0:08 | Orc Burrow |
| 0:13 | Orc Burrow |
| 0:17 | Orc Burrow |
| 0:18 | Peon |
| 0:32 | Peon |
| 0:50 | Voodoo Lounge |
| 0:55 | Voodoo Lounge |
| 0:57 | Peon |
| 1:13 | Orc Burrow |
| 1:21 | Peon |
| 1:43 | Peon |
| 1:58 | War Mill |
| 2:14 | Orc Burrow |
| 2:17 | Wind Walk |
| 2:48 | Peon |
| 2:48 | Peon |
| 2:48 | Peon |
| 3:05 | Peon |
| 3:27 | Watch Tower |
| 3:35 | Watch Tower |
| 3:37 | Watch Tower |
| 3:42 | Healing Salve |
| 3:57 | Stronghold |
| 4:49 | Spiked Barricades |
| 6:23 | Staff of Teleportation |
| 6:24 | Boots of Speed |
| 6:39 | Fortress |
| 6:42 | Reinforced Defenses |
| 6:43 | Improved Spiked Barricades |
| 8:20 | Orc Burrow |
| 8:24 | Voodoo Lounge |
| 8:30 | War Mill |
| 8:35 | Critical Strike |
| 10:41 | Altar of Storms |
| 13:08 | Great Hall |
| 14:32 | Critical Strike |
| 22:18 | Wind Walk |
| 26:34 | Great Hall |
| 27:42 | Great Hall |
| 28:59 | Critical Strike |
| 32:50 | Great Hall |
| 33:42 | Bladestorm |
| Right click | 1520 |
| Chat | 226 |
| Select | 207 |
| Misc. action | 125 |
| Select group | 69 |
| Build/train/purchase | 64 |
| Use ability | 20 |
| Minimap ping | 11 |
| Resource trade | 5 |
| Remove unit | 4 |
| Item give/drop | 2 |
| Assign group | 1 |
200 units @ 31.7k
/ 4.8k
87 buildings @ 13.9k
/ 6.5k


| Potion of Healing | 2 | 300 |
| total: | 2 | 300g |
| Acolyte | 18 | 1350 | / | 0 |
| Ghoul | 5 | 600 | / | 0 |
| Crypt Fiend | 20 | 4300 | / | 800 |
| Frost Wyrm | 6 | 2310 | / | 720 |
| Meat Wagon | 5 | 1150 | / | 250 |
| Gargoyle | 20 | 3500 | / | 600 |
| total: | 74 | 13210g | / | 2370w |
| Spirit Tower | 5 | 725 | / | 200 |
| Nerubian Tower | 5 | 500 | / | 100 |
| Crypt | 2 | 400 | / | 100 |
| Ziggurat | 15 | 2250 | / | 750 |
| Altar of Darkness | 1 | 180 | / | 50 |
| Graveyard | 1 | 215 | / | 0 |
| Tomb of Relics | 1 | 130 | / | 30 |
| Necropolis | 2 | 450 | / | 0 |
| Sacrificial Pit | 1 | 75 | / | 150 |
| Slaughterhouse | 1 | 140 | / | 135 |
| Boneyard | 2 | 350 | / | 400 |
| Halls of the Dead | 2 | 640 | / | 420 |
| Black Citadel | 2 | 650 | / | 460 |
| total: | 26 | 4190g | / | 1615w |
| 0:06 | Crypt |
| 0:09 | Ziggurat |
| 0:12 | Acolyte |
| 0:12 | Acolyte |
| 0:35 | Ziggurat |
| 1:10 | Ghoul |
| 1:10 | Ghoul |
| 1:17 | Altar of Darkness |
| 1:33 | Ghoul |
| 1:56 | Graveyard |
| 2:06 | Ghoul |
| 3:00 | Ghoul |
| 3:14 | Drunken Brawler |
| 3:20 | Crypt Fiend |
| 3:22 | Ziggurat |
| 3:28 | Creature Attack |
| 3:56 | Crypt Fiend |
| 4:07 | Tomb of Relics |
| 4:33 | Crypt Fiend |
| 4:34 | Creature Carapace |
| 5:07 | Crypt Fiend |
| 5:24 | Halls of the Dead |
| 5:31 | Ziggurat |
| 5:43 | Drunken Haze |
| 6:12 | Crypt Fiend |
| 6:17 | Crypt Fiend |
| 7:51 | Improved Creature Attack |
| 7:57 | Sacrificial Pit |
| 8:18 | Slaughterhouse |
| 8:21 | Web |
| 8:38 | Crypt Fiend |
| 9:09 | Crypt Fiend |
| 9:12 | Improved Creature Carapace |
| 9:15 | Ziggurat |
| 9:37 | Drunken Brawler |
| 9:47 | Spirit Tower |
| 9:48 | Nerubian Tower |
| 9:48 | Spirit Tower |
| 9:50 | Nerubian Tower |
| 10:06 | Ziggurat |
| 10:35 | Ziggurat |
| 10:38 | Acolyte |
| 10:39 | Acolyte |
| 11:59 | Frost Nova |
| 12:03 | Crypt Fiend |
| 12:08 | Ziggurat |
| 12:11 | Acolyte |
| 12:19 | Necropolis |
| 12:25 | Potion of Healing |
| 12:32 | Potion of Healing |
| 12:51 | Black Citadel |
| 13:36 | Frost Armor |
| 13:51 | Acolyte |
| 13:51 | Acolyte |
| 13:51 | Acolyte |
| 13:52 | Acolyte |
| 13:55 | Ziggurat |
| 13:56 | Ziggurat |
| 14:42 | Ziggurat |
| 14:44 | Ziggurat |
| 14:52 | Nerubian Tower |
| 14:53 | Spirit Tower |
| 14:54 | Acolyte |
| 14:54 | Acolyte |
| 14:55 | Acolyte |
| 14:55 | Acolyte |
| 14:56 | Acolyte |
| 15:38 | Drunken Haze |
| 15:55 | Boneyard |
| 16:01 | Boneyard |
| 16:05 | Advanced Creature Attack |
| 17:09 | Frost Nova |
| 17:27 | Freezing Breath |
| 17:29 | Frost Wyrm |
| 17:31 | Spirit Tower |
| 17:34 | Ziggurat |
| 17:36 | Ziggurat |
| 17:38 | Ziggurat |
| 17:52 | Crypt Fiend |
| 17:54 | Advanced Creature Carapace |
| 18:02 | Acolyte |
| 18:02 | Acolyte |
| 18:02 | Acolyte |
| 18:03 | Acolyte |
| 18:30 | Frost Wyrm |
| 18:51 | Spirit Tower |
| 18:51 | Nerubian Tower |
| 18:52 | Nerubian Tower |
| 19:26 | Frost Wyrm |
| 19:36 | Exhume Corpses |
| 19:58 | Meat Wagon |
| 20:00 | Meat Wagon |
| 20:02 | Frost Wyrm |
| 20:46 | Meat Wagon |
| 21:45 | Frost Wyrm |
| 21:50 | Frost Wyrm |
| 23:15 | Crypt |
| 24:11 | Crypt Fiend |
| 24:11 | Crypt Fiend |
| 24:11 | Crypt Fiend |
| 24:38 | Crypt Fiend |
| 24:38 | Crypt Fiend |
| 24:39 | Crypt Fiend |
| 24:39 | Crypt Fiend |
| 24:43 | Necropolis |
| 25:13 | Crypt Fiend |
| 27:38 | Halls of the Dead |
| 27:50 | Crypt Fiend |
| 27:50 | Crypt Fiend |
| 27:55 | Meat Wagon |
| 27:55 | Meat Wagon |
| 31:29 | Gargoyle |
| 31:30 | Gargoyle |
| 31:30 | Gargoyle |
| 31:31 | Gargoyle |
| 31:33 | Black Citadel |
| 32:06 | Gargoyle |
| 32:07 | Gargoyle |
| 33:11 | Gargoyle |
| 33:11 | Gargoyle |
| 33:27 | Gargoyle |
| 33:28 | Gargoyle |
| 34:07 | Gargoyle |
| 34:07 | Gargoyle |
| 34:07 | Gargoyle |
| 34:08 | Gargoyle |
| 34:27 | Gargoyle |
| 34:27 | Gargoyle |
| 35:37 | Stone Form |
| 35:39 | Gargoyle |
| 36:42 | Gargoyle |
| 36:43 | Gargoyle |
| 36:43 | Gargoyle |
| Right click | 636 |
| Chat | 492 |
| Select | 437 |
| Select group | 226 |
| Misc. action | 135 |
| Build/train/purchase | 117 |
| Assign group | 26 |
| Use ability | 25 |
| Minimap ping | 23 |
| Esc | 7 |
| Item give/drop | 3 |


| Scroll of Town Portal | 1 | 350 |
| total: | 1 | 350g |
| Wisp | 34 | 2040 | / | 0 |
| Archer | 6 | 780 | / | 60 |
| Chimaera | 13 | 4290 | / | 910 |
| Hippogryph | 6 | 960 | / | 120 |
| Peasant | 3 | 225 | / | 0 |
| Rifleman | 10 | 2050 | / | 300 |
| total: | 72 | 10345g | / | 1390w |
| Ancient Protector | 1 | 135 | / | 80 |
| Moon Well | 8 | 1440 | / | 320 |
| Ancient of War | 1 | 150 | / | 60 |
| Altar of Elders | 1 | 180 | / | 50 |
| Hunter's Hall | 3 | 630 | / | 300 |
| Tree of Life | 7 | 2380 | / | 1295 |
| Ancient of Wind | 2 | 300 | / | 280 |
| Chimaera Roost | 2 | 280 | / | 380 |
| Tree of Ages | 1 | 320 | / | 180 |
| Tree of Eternity | 1 | 330 | / | 200 |
| Barracks | 2 | 320 | / | 120 |
| Blacksmith | 1 | 140 | / | 60 |
| total: | 28 | 5955g | / | 2945w |
| 0:03 | Wisp |
| 0:03 | Wisp |
| 0:09 | Moon Well |
| 0:11 | Moon Well |
| 0:22 | Wisp |
| 0:33 | Wisp |
| 0:36 | Wisp |
| 0:49 | Ancient of War |
| 0:51 | Wisp |
| 1:22 | Wisp |
| 1:28 | Altar of Elders |
| 1:40 | Wisp |
| 1:51 | Archer |
| 2:00 | Wisp |
| 2:00 | Wisp |
| 2:03 | Archer |
| 2:21 | Archer |
| 2:42 | Tree of Ages |
| 2:50 | Black Arrow |
| 3:02 | Archer |
| 3:29 | Moon Well |
| 3:30 | Archer |
| 4:43 | Life Drain |
| 5:01 | Archer |
| 5:04 | Wisp |
| 5:04 | Wisp |
| 5:04 | Wisp |
| 5:04 | Wisp |
| 5:13 | Improved Bows |
| 5:18 | Black Arrow |
| 5:33 | Moon Well |
| 5:37 | Hunter's Hall |
| 6:02 | Tree of Eternity |
| 6:09 | Searing Arrows |
| 6:37 | Moon Well |
| 8:35 | Trueshot Aura |
| 8:40 | Chimaera Roost |
| 8:43 | Chimaera Roost |
| 9:20 | Strength of the Wild |
| 9:22 | Marksmanship |
| 10:14 | Corrosive Breath |
| 10:15 | Chimaera |
| 10:15 | Chimaera |
| 10:21 | Moon Well |
| 10:28 | Improved Strength of the Wild |
| 11:18 | Life Drain |
| 11:43 | Moon Well |
| 12:20 | Chimaera |
| 12:21 | Advanced Strength of the Wild |
| 12:38 | Searing Arrows |
| 13:08 | Chimaera |
| 13:09 | Chimaera |
| 13:09 | Chimaera |
| 13:11 | Chimaera |
| 14:07 | Wisp |
| 14:08 | Wisp |
| 14:08 | Wisp |
| 14:27 | Reinforced Hides |
| 14:54 | Tree of Life |
| 15:51 | Trueshot Aura |
| 16:24 | Improved Reinforced Hides |
| 16:25 | Well Spring |
| 16:29 | Moon Well |
| 16:38 | Black Arrow |
| 18:25 | Trueshot Aura |
| 18:39 | Wisp |
| 18:40 | Wisp |
| 18:40 | Wisp |
| 18:40 | Wisp |
| 18:41 | Wisp |
| 19:27 | Chimaera |
| 19:29 | Advanced Reinforced Hides |
| 19:53 | Ancient of Wind |
| 19:55 | Ancient of Wind |
| 20:45 | Ultravision |
| 22:08 | Tree of Life |
| 22:11 | Wisp |
| 22:11 | Wisp |
| 22:39 | Chimaera |
| 22:39 | Chimaera |
| 22:40 | Chimaera |
| 22:56 | Hippogryph |
| 22:57 | Hippogryph |
| 22:57 | Hippogryph |
| 22:57 | Hippogryph |
| 23:11 | Chimaera |
| 23:13 | Chimaera |
| 24:23 | Wisp |
| 24:23 | Wisp |
| 24:23 | Wisp |
| 24:24 | Wisp |
| 24:24 | Wisp |
| 24:29 | Hippogryph |
| 24:32 | Hippogryph |
| 24:49 | Hunter's Hall |
| 25:24 | Wisp |
| 25:24 | Wisp |
| 25:39 | Wisp |
| 25:42 | Hunter's Hall |
| 25:50 | Scroll of Town Portal |
| 26:28 | Ancient Protector |
| 26:29 | Wisp |
| 26:29 | Wisp |
| 27:34 | Tree of Life |
| 28:47 | Tree of Life |
| 29:17 | Tree of Life |
| 33:08 | Tree of Life |
| 33:34 | Tree of Life |
| 33:49 | Peasant |
| 33:49 | Peasant |
| 33:49 | Peasant |
| 34:13 | Long Rifles |
| 34:22 | Barracks |
| 34:26 | Barracks |
| 35:07 | Rifleman |
| 35:08 | Rifleman |
| 35:29 | Rifleman |
| 35:29 | Rifleman |
| 35:29 | Rifleman |
| 35:33 | Rifleman |
| 35:34 | Rifleman |
| 35:34 | Rifleman |
| 35:40 | Blacksmith |
| 36:52 | Rifleman |
| 36:53 | Rifleman |
| 37:18 | Black Gunpowder |
| Right click | 1241 |
| Assign group | 472 |
| Select | 369 |
| Build/train/purchase | 105 |
| Select group | 99 |
| Chat | 66 |
| Use ability | 19 |
| Remove unit | 4 |
| Minimap ping | 4 |
| Item give/drop | 3 |


| Peasant | 21 | 1575 | / | 0 |
| Footman | 8 | 1080 | / | 0 |
| Spell Breaker | 5 | 1075 | / | 150 |
| Sorceress | 2 | 310 | / | 40 |
| Priest | 3 | 405 | / | 30 |
| Rifleman | 7 | 1435 | / | 210 |
| Gryphon Rider | 8 | 2240 | / | 560 |
| total: | 54 | 8120g | / | 990w |
| Scout Tower | 4 | 120 | / | 80 |
| Arcane Tower | 2 | 140 | / | 100 |
| Guard Tower | 1 | 70 | / | 50 |
| Altar of Kings | 1 | 180 | / | 50 |
| Farm | 16 | 1280 | / | 320 |
| Barracks | 1 | 160 | / | 60 |
| Lumber Mill | 1 | 120 | / | 0 |
| Arcane Vault | 1 | 130 | / | 30 |
| Blacksmith | 1 | 140 | / | 60 |
| Town Hall | 2 | 770 | / | 410 |
| Arcane Sanctum | 2 | 300 | / | 280 |
| Gryphon Aviary | 4 | 560 | / | 600 |
| Keep | 3 | 960 | / | 630 |
| Castle | 2 | 720 | / | 420 |
| total: | 33 | 3760g | / | 1890w |
| 0:05 | Altar of Kings |
| 0:07 | Peasant |
| 0:07 | Peasant |
| 0:07 | Peasant |
| 0:07 | Peasant |
| 0:24 | Farm |
| 0:35 | Barracks |
| 0:54 | Farm |
| 1:10 | Peasant |
| 1:14 | Peasant |
| 1:15 | Peasant |
| 1:19 | Peasant |
| 1:39 | Footman |
| 1:47 | Lumber Mill |
| 1:59 | Footman |
| 2:09 | Flame Strike |
| 2:13 | Footman |
| 2:47 | Arcane Vault |
| 3:10 | Farm |
| 3:11 | Farm |
| 3:12 | Farm |
| 3:26 | Keep |
| 4:10 | Siphon Mana |
| 4:19 | Footman |
| 4:20 | Footman |
| 4:20 | Footman |
| 4:20 | Footman |
| 4:20 | Footman |
| 5:04 | Farm |
| 5:05 | Farm |
| 5:52 | Arcane Sanctum |
| 5:59 | Arcane Sanctum |
| 6:10 | Blacksmith |
| 8:06 | Spell Breaker |
| 8:06 | Spell Breaker |
| 8:08 | Sorceress |
| 8:09 | Priest |
| 8:12 | Sorceress |
| 8:16 | Priest |
| 8:35 | Flame Strike |
| 8:37 | Brilliance Aura |
| 9:25 | Iron Plating |
| 9:29 | Farm |
| 9:29 | Farm |
| 9:32 | Castle |
| 10:37 | Spell Breaker |
| 10:37 | Spell Breaker |
| 10:37 | Spell Breaker |
| 11:00 | Sorceress Adept Training |
| 11:02 | Priest Adept Training |
| 11:57 | Peasant |
| 11:59 | Improved Lumber Harvesting |
| 12:33 | Farm |
| 12:34 | Farm |
| 12:35 | Farm |
| 12:44 | Blizzard |
| 13:04 | Town Hall |
| 13:14 | Sorceress Master Training |
| 13:15 | Priest Master Training |
| 14:18 | Siphon Mana |
| 14:31 | Magic Sentry |
| 14:35 | Priest |
| 14:37 | Steel Plating |
| 15:01 | Iron Forged Swords |
| 15:04 | Improved Masonry |
| 15:13 | Scout Tower |
| 15:19 | Scout Tower |
| 15:42 | Peasant |
| 16:38 | Arcane Tower |
| 17:02 | Peasant |
| 17:02 | Peasant |
| 17:17 | Mithril Plating |
| 17:31 | Scout Tower |
| 17:36 | Scout Tower |
| 18:07 | Arcane Tower |
| 18:10 | Gryphon Aviary |
| 18:14 | Gryphon Aviary |
| 18:20 | Peasant |
| 18:20 | Peasant |
| 18:20 | Peasant |
| 18:21 | Peasant |
| 18:23 | Advanced Masonry |
| 20:40 | Town Hall |
| 21:34 | Rifleman |
| 21:34 | Rifleman |
| 21:34 | Rifleman |
| 21:35 | Rifleman |
| 21:35 | Rifleman |
| 21:35 | Rifleman |
| 21:35 | Rifleman |
| 21:44 | Black Gunpowder |
| 22:43 | Peasant |
| 22:43 | Peasant |
| 22:43 | Peasant |
| 22:43 | Peasant |
| 22:43 | Peasant |
| 23:06 | Blizzard |
| 23:49 | Keep |
| 24:49 | Keep |
| 24:59 | Guard Tower |
| 27:11 | Castle |
| 27:32 | Gryphon Aviary |
| 27:35 | Gryphon Aviary |
| 29:33 | Gryphon Rider |
| 29:34 | Gryphon Rider |
| 29:34 | Gryphon Rider |
| 29:34 | Gryphon Rider |
| 29:34 | Gryphon Rider |
| 30:28 | Farm |
| 30:29 | Farm |
| 30:30 | Farm |
| 30:30 | Farm |
| 31:23 | Gryphon Rider |
| 31:23 | Gryphon Rider |
| 31:39 | Studded Leather Armor |
| 31:41 | Refined Gunpowder |
| 32:36 | Gryphon Rider |
| Right click | 365 |
| Select | 277 |
| Select group | 138 |
| Build/train/purchase | 89 |
| Assign group | 8 |
| Remove unit | 8 |
| Resource trade | 8 |
| Use ability | 3 |
⇛